AoeStats
← 17

Black Forest

509800870Analyzed
4v4 RM · 5d ago on Sep 28, 2026· 55m 36s· 8 players
Game mode
Random Map
Map size
Large (8 player)
Population
200
Speed
Normal
Resources
Standard
Victory
Conquest
Starting age
Dark Age
Ending age
Imperial Age
RankedLock teamsTeams togetherTeam positionsShared explorationLock speedFull tech treeHidden civsTurbo modeCheats
Victory
Defeat
🇨🇳 Khmer · China
792
+13
🇲🇽 Celts · Mexico
775
+13
🇻🇪 Khmer · Venezuela
752
+14
🇲🇽 Britons · Mexico
684
+17
🇨🇱 Persians · Chile
826
-18
🇨🇱 Mongols · Chile
706
-14
🇨🇱 Bohemians · Chile
681
-13
🇨🇱 Byzantines · Chile
645
-12
Pairlos
0:36 Loom
16:08 Feudal Age
16:49 Double-Bit Axe
21:36 Horse Collar
22:52 Wheelbarrow
24:47 Castle Age
24:29 Man-at-Arms
25:18 Stone Mining
25:25 Gold Mining
26:20 Forging
25:39 Pikeman
28:08 Gambesons
35:19 Long Swordsman
39:17 Hand Cart
39:06 Scale Mail Armor
39:49 Iron Casting
40:51 Caravan
41:48 Bow Saw
46:00 Imperial Age
46:18 Town Watch
46:27 Halberdier
46:29 Two-Handed Swordsman
48:54 Ballistics
50:35 Elite Skirmisher
51:42 Champion
54:55 Chain Mail Armor
55:40 Blast Furnace
55:21 Gold Shaft Mining
JabberWocky
0:49 Loom
12:14 Feudal Age
12:44 Double-Bit Axe
12:52 Horse Collar
20:49 Castle Age
20:14 Stone Mining
22:36 Stone Shaft Mining
22:39 Wheelbarrow
23:03 Town Watch
23:12 Gold Mining
25:37 Bow Saw
26:06 Heavy Plow
27:20 Hand Cart
28:20 Fletching
28:35 Padded Archer Armor
29:44 Gold Shaft Mining
34:20 Imperial Age
35:31 Crop Rotation
34:59 Murder Holes
36:05 Chemistry
35:16 Fortified Wall
35:17 Masonry
35:38 Ballistics
36:57 Hoardings
37:00 Conscription
37:27 Tusk Swords
38:04 Double Crossbow
38:47 Elite Ballista Elephant
40:17 Bodkin Arrow
40:38 Leather Archer Armor
40:28 Scale Mail Armor
42:07 Bracer
42:37 Ring Archer Armor
42:46 Ring Archer Armor
41:51 Capped Ram
45:10 Siege Ram
49:34 Pikeman
50:00 Arson
49:35 Man-at-Arms
52:37 Halberdier
La Morte Noire
0:28 Loom
12:44 Feudal Age
16:51 Castle Age
15:12 Double-Bit Axe
19:09 Wheelbarrow
19:59 Horse Collar
21:12 Bow Saw
21:52 Heavy Plow
26:51 Stone Mining
26:52 Gold Mining
28:40 Gold Shaft Mining
33:53 Imperial Age
33:11 Murder Holes
33:31 Fortified Wall
33:32 Masonry
34:25 Hand Cart
34:36 Yeomen
34:31 Forging
34:14 Fletching
34:24 Padded Archer Armor
35:08 Ballistics
35:59 Architecture
36:30 Chemistry
34:56 Elite Longbowman
35:57 Conscription
35:35 Bodkin Arrow
36:25 Leather Archer Armor
36:38 Onager
42:05 Bracer
43:00 Siege Engineers
45:39 Two-Man Saw
45:27 Ring Archer Armor
52:05 Warwolf
55:12 Murder Holes
55:55 Hoardings
54:50 Sappers
猫神TRACK
12:16 Feudal Age
12:33 Loom
12:51 Double-Bit Axe
13:39 Horse Collar
17:30 Gold Mining
20:09 Castle Age
19:42 Town Watch
20:33 Wheelbarrow
20:12 Stone Mining
22:03 Herbal Medicine
23:13 Heavy Plow
29:31 Herbal Medicine
29:33 Town Watch
30:24 Wheelbarrow
35:00 Imperial Age
32:50 Town Patrol
33:18 Hand Cart
33:50 Gold Shaft Mining
33:58 Stone Shaft Mining
33:40 Bow Saw
35:06 Tusk Swords
36:33 Crop Rotation
35:42 Elite Ballista Elephant
36:58 Hoardings
36:43 Conscription
36:28 Fletching
36:39 Padded Archer Armor
36:49 Caravan
37:20 Coinage
37:01 Scale Barding Armor
37:35 Double Crossbow
40:25 Banking
41:30 Leather Archer Armor
41:11 Bodkin Arrow
41:39 Chain Barding Armor
41:20 Scale Mail Armor
41:31 Forging
41:16 Sappers
44:36 Heavy Cavalry Archer
44:37 Elite Skirmisher
44:39 Crossbowman
45:44 Parthian Tactics
44:41 Pikeman
44:41 Man-at-Arms
45:07 Arson
45:25 Husbandry
45:35 Bloodlines
44:46 Light Cavalry
44:47 Cavalier
46:42 Ring Archer Armor
46:12 Bracer
46:50 Plate Barding Armor
46:31 Chain Mail Armor
46:51 Iron Casting
45:46 Hussar
47:30 Elite Battle Elephant
48:19 Halberdier
48:20 Long Swordsman
51:01 Blast Furnace
50:15 Arbalester
50:17 Two-Handed Swordsman
52:03 Heavy Scorpion
52:05 Capped Ram
52:31 Onager
53:34 Siege Ram
55:33 Masonry
56:26 Chemistry
55:47 Ballistics
55:17 Heated Shot
55:22 Guard Tower
55:37 Siphons
55:43 Fortified Wall
55:29 Murder Holes
55:40 Siege Engineers
55:46 Careening
55:47 Clinker Construction
56:08 Illumination
55:44 Devotion
55:55 Redemption
55:55 Fervor
56:25 Theocracy
56:11 Sanctity
56:11 Fervor
17
10:53 Feudal Age
16:52 Castle Age
16:36 Loom
18:09 Horse Collar
19:40 Double-Bit Axe
22:04 Gold Mining
24:21 Wheelbarrow
24:50 Heavy Plow
30:54 Imperial Age
29:50 Hand Cart
29:56 Fletching
30:17 Forging
30:13 Scale Barding Armor
32:13 Chemistry
34:02 Ballistics
34:09 Bow Saw
36:03 Iron Casting
35:49 Chain Barding Armor
35:29 Scale Mail Armor
35:30 Padded Archer Armor
35:25 Bodkin Arrow
36:13 Conscription
35:23 Crossbowman
37:36 Masonry
38:34 Hoardings
39:14 Kamandaran
39:25 Citadels
39:26 Town Watch
39:32 Stone Mining
40:18 Gold Shaft Mining
40:23 Plate Barding Armor
41:26 Blast Furnace
40:42 Chain Mail Armor
42:37 Stone Shaft Mining
42:40 Crop Rotation
42:33 Leather Archer Armor
44:04 Two-Man Saw
43:45 Husbandry
43:56 Bloodlines
43:07 Light Cavalry
47:07 Town Patrol
47:28 Elite War Elephant
47:34 Hussar
48:44 Elite War Elephant
49:34 Thumb Ring
49:17 Onager
Daton
0:50 Loom
13:14 Feudal Age
16:52 Horse Collar
20:45 Wheelbarrow
20:06 Double-Bit Axe
23:00 Castle Age
24:25 Hand Cart
24:34 Bow Saw
26:38 Scale Mail Armor
26:49 Forging
26:29 Fletching
26:40 Padded Archer Armor
32:04 Chemistry
34:59 Imperial Age
32:41 Murder Holes
33:11 Ballistics
33:03 Man-at-Arms
33:45 Squires
33:31 Arson
33:48 Town Watch
34:28 Heavy Plow
36:33 Caravan
36:44 Guilds
37:07 Coinage
37:14 Capped Ram
38:31 Houfnice
39:29 Long Swordsman
39:31 Pikeman
41:39 Town Patrol
41:35 Two-Handed Swordsman
46:06 Hussite Reforms
46:07 Wagenburg Tactics
45:40 Halberdier
46:22 Champion
51:42 Onager
ISR4 ENRIQUE XXIII
13:13 Feudal Age
16:18 Double-Bit Axe
21:42 Wheelbarrow
23:13 Horse Collar
27:17 Castle Age
28:41 Caravan
29:13 Bow Saw
30:19 Scale Barding Armor
30:25 Forging
30:15 Scale Mail Armor
35:34 Loom
37:13 Squires
37:41 Heavy Plow
41:22 Imperial Age
41:27 Hand Cart
42:33 Guilds
44:01 Conscription
43:41 Greek Fire
43:56 Cavalier
44:36 Husbandry
45:22 Onager
46:24 Elite Skirmisher
47:46 Pikeman
49:19 Halberdier
53:28 Crossbowman
54:06 Elite Cataphract
56:15 Chemistry
55:11 Murder Holes
54:57 Treadmill Crane
claudio.morales
9:53 Feudal Age
17:21 Castle Age
15:28 Horse Collar
16:22 Double-Bit Axe
19:24 Bow Saw
21:33 Loom
23:07 Wheelbarrow
22:28 Town Watch
25:14 Hand Cart
28:33 Town Patrol
30:26 Heavy Plow
30:19 Gold Mining
30:20 Stone Mining
30:25 Fletching
30:36 Padded Archer Armor
31:41 Nomads
31:46 Caravan
32:45 Ballistics
34:59 Imperial Age
32:59 Bodkin Arrow
33:21 Leather Archer Armor
33:18 Forging
33:09 Scale Mail Armor
33:54 Thumb Ring
33:10 Elite Skirmisher
35:30 Scale Barding Armor
37:25 Chemistry
36:32 Siege Engineers
36:56 Conscription
37:17 Bloodlines
37:08 Husbandry
36:43 Elite Mangudai
37:48 Drill
37:25 Capped Ram
38:04 Murder Holes
41:35 Heavy Scorpion
43:52 Bracer
44:28 Iron Casting
43:40 Light Cavalry
45:07 Hussar
48:15 Elite Steppe Lancer
49:23 Elite Steppe Lancer
Connection lost

Rejoining the realm…

Still unreachable

The connection could not be restored.

Session expired

The server has moved on; the page needs a fresh start.